 Dungeon Crawl Stone Soup version 0.30-a0-782-ge64f9170bb (webtiles) character file.

Game seed: 4858047847386174877

20 HoaS the Shooter (level 2, 0/16 HPs)
             Began as a Deep Elf Hunter on Feb 19, 2023.
             Slain by an adder (3 damage)
             ... on level 1 of the Dungeon.
             The game lasted 00:01:40 (919 turns).

HoaS the Shooter (Deep Elf Hunter)                   Turns: 919, Time: 00:01:41

Health: 0/16       AC:  4    Str:  8    XL:     2   Next: 58%
Magic:  0/4        EV:  9    Int: 13    God:
Gold:   71         SH:  0    Dex: 18    Spells: 1/1 levels left

rFire   . . .      SeeInvis .    a - +0 shortbow
rCold   . . .      Faith    .    (shield currently unavailable)
rNeg    . . .      Spirit   +    c - +0 leather armour
rPois   +          Reflect  .    (no helmet)
rElec   .          Harm     .    (no cloak)
rCorr   .          Rampage  .    k - +0 pair of gloves
Will    .....                    (no boots)
Stlth   ++                       g - amulet of guardian spirit
HPRegen 0.22/turn                f - ring of poison resistance
MPRegen 0.09/turn                (no ring)

@: constricted
A: no striking features
a: no special abilities


You were on level 1 of the Dungeon.
You visited 1 branch of the dungeon, and saw 2 of its levels.

You collected 71 gold pieces.

Inventory:

Hand Weapons
 a - a +0 shortbow (weapon)
Armour
 c - a +0 leather armour (worn)
 k - a +0 pair of gloves (worn)
Jewellery
 f - a ring of poison resistance (left hand)
 g - an amulet of guardian spirit (around neck)
Scrolls
 b - 2 scrolls of immolation
 d - a scroll of fog {unknown}
 e - a scroll of noise {unknown}
 j - a scroll of amnesia {unknown}
Potions
 h - a potion of invisibility {unknown}
 i - a potion of haste {unknown}


   Skills:
 - Level 1.5 Fighting
 + Level 6.3 Ranged Weapons
 - Level 2.4 Dodging
 - Level 1.2 Stealth


You had one spell level left.
You didn't know any spells.
Your spell library contained the following spells:

 Spells                   Type           Power      Damage    Failure   Level
 Magic Dart               Conj           0%         1d3       41%         1
 Searing Ray              Conj           0%         2d4       56%         2
 Fulminant Prism          Conj/Hex       0%         3d5       99%         4
 Fireball                 Conj/Fire      0%         3d3       100%        5
 Iskenderun's Battlesphe  Conj           0%         2d6       100%        5
 Conjure Ball Lightning   Conj/Air       0%         3x3d6     100%        6
 Orb of Destruction       Conj           0%         9d5       100%        7


Dungeon Overview and Level Annotations

Branches:
Dungeon (2/15)

Altars:


Message History

The ball python moves out of view.
You shoot an arrow. The arrow hits the adder.
The adder is lightly wounded.
You hear an angry hiss.
You shoot an arrow. The arrow misses the adder.
The adder closely misses you. The ball python closely misses you.
The ball python grabs you. The ball python constricts you.
You shoot an arrow.
The arrow closely misses the ball python.
The adder bites you but does no damage.
A ball python comes into view.
The ball python bites you. The ball python constricts you.
You shoot an arrow. The arrow hits the ball python!
You kill the ball python!
The adder closely misses you. The adder bites you.
The ball python barely misses you. The ball python closely misses you.
The adder bites you. The ball python closely misses you.
The ball python barely misses you.
You climb upwards.
There is a stone staircase leading down here.
You shoot an arrow. The arrow closely misses the adder.
The adder misses you. The ball python barely misses you.
The ball python grabs you. The ball python constricts you.
The adder bites you but does no damage.
You shoot an arrow.
The arrow completely misses the ball python.
The ball python bites you. The ball python constricts you. The adder bites you.
The ball python bites you but does no damage.
The ball python constricts you.
You shoot an arrow. The arrow closely misses the adder.
The adder bites you. The ball python bites you. The ball python constricts you.
The adder closely misses you.
You shoot an arrow. The arrow closely misses the adder.
The ball python barely misses you. The ball python constricts you.
The adder bites you.
* * * LOW HITPOINT WARNING * * *
The ball python bites you but does no damage.
The ball python constricts you.
* * * LOW HITPOINT WARNING * * *
You shoot an arrow. The arrow misses the adder.
The adder bites you.
You die...

.# #................### .#
#.####.............# .# #.#
#...........#.# ### ###
#........####.#
..##########.###...# #.#
..##.....###.# #...# #.#
..##.(<..##..# #.### #.#
####..#..#######'## #.#
..##..#..# ##S@.## #.######
...'.....#####..S..## #......####
..#########.#.......######)......
..#########..........####........
.....................'.......###.
#####.....##.........####....###.
##....###.......## #.....##.
###.## ##.....## #.#...... #.#
##...## #.###.##.


You could see an adder and a ball python.

Vanquished Creatures
  2 bats (D:1)
  An endoplasm (D:1)
  A giant cockroach (D:1)
  A hobgoblin (D:1)
  A quokka (D:1)
  4 ball pythons
  3 goblins (D:1)
  2 kobolds (D:1)
  5 rats (D:1)
20 creatures vanquished.

Notes
Turn   | Place    | Note
-------+----------+-------------------------------------------
     0 | D:1      | HoaS the Deep Elf Hunter began the quest for the Orb.
     0 | D:1      | Reached XP level 1. HP: 12/12 MP: 3/3
   172 | D:1      | Reached XP level 2. HP: 16/16 MP: 4/4
   173 | D:1      | Reached skill level 6 in Ranged Weapons
   919 | D:1      | Slain by an adder

Illustrated notes

Levels and vault maps discovered:
D:1:      dpeg_arrival_rooms_b, layout_loops_corners
D:2:      wander_river, layout_rooms, kennysheep_generic_room_8

Skill      XL: |  1  2 |
---------------+-------+-----
Ranged Weapons | 6 |  6.3
Fighting       | |  1.5
Dodging        | |  2.4
Stealth        | |  1.2

Action                     || total
---------------------------++-------
   Fire: Shortbow          ||    52
 Armour: Leather armour    ||     8
  Dodge: Dodged            ||    20

Table legend: (Time is in decaauts)
 A = Elapsed time spent in this place.
 B = Non-inter-level travel time spent in this place.
 C = Inter-level travel time spent in this place.
 D = Time resting spent in this place.
 E = Time spent auto-exploring this place.
 F = Levels seen in this place.
 G = Mean time per level.
                   A        B        C        D        E       F      G
               +--------+--------+--------+--------+--------+-----+--------+
         Total |    931 |    842 |     89 |     17 |    708 |   2 |  465.5 |
       Dungeon |    931 |    842 |     89 |     17 |    708 |   2 |  465.5 |
               +--------+--------+--------+--------+--------+-----+--------+

Top non-repeatable levels by time:
     D:1: 922 daAuts
     D:2: 9 daAuts
